 Dungeon Crawl Stone Soup version 0.30-a0-331-g8ab09dc110 (webtiles) character file.

Game seed: 2866228368500825486

649 gruber the Chiller (level 7, -2/51 HPs)
             Began as a Gnoll Ice Elementalist on Oct 29, 2022.
             Killed from afar by a white imp (9 damage)
             ... with a puff of frost
             ... on level 5 of the Dungeon.
             The game lasted 00:03:43 (3939 turns).

gruber the Chiller (Gnoll Ice Elementalist)         Turns: 3939, Time: 00:03:44

Health: -2/51      AC:  2    Str:  7    XL:     7   Next: 53%
Magic:  8/15       EV: 13    Int: 17    God:
Gold:   154        SH:  0    Dex: 12    Spells: 6/17 levels left

rFire   . . .      SeeInvis .    w - +3 short sword
rCold   . . .      Faith    .    (no shield)
rNeg    . . .      Spirit   .    a - +0 robe
rPois   .          Reflect  .    (no helmet)
rElec   .          Harm     .    (no cloak)
rCorr   .          Rampage  .    (no gloves)
Will    .....                    (no boots)
Stlth   +++.......               (no amulet)
HPRegen 0.28/turn                m - ring of flight
MPRegen 0.14/turn                (no ring)

@: flying
A: fangs 1, strong nose, distributed training
a: no special abilities


You were on level 5 of the Dungeon.
You visited 1 branch of the dungeon, and saw 5 of its levels.

You collected 154 gold pieces.

Inventory:

Hand Weapons
 f - a +0 whip of pain
 j - a +0 dagger of speed
 w - a +3 short sword (weapon)
Armour
 a - a +0 robe (worn)
Jewellery
 m - a ring of flight (left hand)
 v - a ring of resist corrosion
Scrolls
 e - 4 scrolls of noise {unknown}
 g - a scroll of vulnerability {unknown}
 k - 3 scrolls of identify {unknown}
 l - a scroll of enchant armour {unknown}
 n - a scroll of silence {unknown}
 q - a scroll of brand weapon {unknown}
 s - a scroll of amnesia {unknown}
 t - a scroll of magic mapping {unknown}
 x - a scroll of enchant weapon {unknown}
 y - a scroll of poison {unknown}
 z - a scroll of summoning {unknown}
Potions
 b - a potion of magic
 c - a potion of cancellation {unknown}
 d - a potion of haste {unknown}
 h - 2 potions of resistance {unknown}
 i - 2 potions of curing {unknown}
 o - a potion of might {unknown}
 p - a potion of attraction {unknown}
 r - a potion of experience {unknown}
 u - a potion of heal wounds {unknown}


   Skills:
 + Level 2.6 Fighting
 + Level 2.6 Short Blades
 + Level 2.6 Long Blades
 + Level 2.6 Axes
 + Level 2.6 Maces & Flails
 + Level 2.6 Polearms
 + Level 2.6 Staves
 + Level 2.6 Ranged Weapons
 + Level 2.6 Throwing
 + Level 2.6 Armour
 + Level 5.3 Dodging
 + Level 5.0 Stealth
 + Level 2.6 Shields
 + Level 2.6 Unarmed Combat
 + Level 5.7 Spellcasting
 + Level 2.1 Conjurations
 + Level 2.1 Hexes
 + Level 2.1 Summonings
 + Level 2.1 Necromancy
 + Level 2.1 Translocations
 + Level 2.1 Transmutations
 + Level 2.1 Fire Magic
 + Level 7.4 Ice Magic
 + Level 2.1 Air Magic
 + Level 2.1 Earth Magic
 + Level 2.1 Poison Magic
 + Level 3.0 Invocations
 + Level 2.6 Evocations


You had 6 spell levels left.
You knew the following spells:

 Your Spells              Type           Power      Damage    Failure   Level
a - Freeze                Ice            100%       1d10      1%          1
b - Frozen Ramparts       Ice            60%        1d10      1%          3
c - Ozocubu's Armour      Ice            30%        N/A       1%          3
d - Summon Ice Beast      Ice/Summ       21%        N/A       19%         4

Your spell library contained the following spells:

 Spells                   Type           Power      Damage    Failure   Level
 Shock                    Conj/Air       48%        1d6       5%          1
 Swiftness                Air            12%        N/A       16%         3
 Airstrike                Air            6%         2d(1-17)  47%         4


Dungeon Overview and Level Annotations

Branches:
Dungeon (5/15)
 Temple: D:4-7

Altars:


Innate Abilities, Weirdness & Mutations

You have very sharp teeth.
Your uncanny sense of smell can sniff out nearby items.
Your experience applies equally to all skills.


Message History

Your icy armour will break if you move.
Continue?
Your icy armour cracks and falls away as you move.
You see here a +0 giant club.
Found a ring mail.
The white imp gestures at you. The puff of frost hits you!
The white imp gestures at you. The puff of frost hits you!
You are too injured to fight recklessly!
You are too injured to fight recklessly!
You are too injured to fight recklessly!
Found a bubbling red potion.
The white imp sputters.
The white imp hits you. The white imp freezes you.
You barely miss the white imp. You punch the white imp.
The white imp is lightly wounded.
The white imp closely misses you.
You closely miss the white imp.
The white imp is lightly wounded.
The white imp hits you but does no damage.
You hit the white imp but do no damage.
The white imp is lightly wounded.
You closely miss the white imp.
You bite the white imp, but do no damage.
The white imp is lightly wounded.
The white imp gestures at you. The puff of frost hits you!
* * * LOW HITPOINT WARNING * * *
You hit the white imp.
The white imp is heavily wounded.
The white imp gestures at you. The puff of frost misses you.
You barely miss the white imp.
The white imp is heavily wounded.
The white imp closely misses you.
You closely miss the white imp.
The white imp is heavily wounded.
The white imp gestures at you. The puff of frost hits you!
You die...

................).
............(########
.............##.....#
.#..........###.....#
##>.....##.)###.....#
.#..#######).##.....#
.....<...###.)......#
.........# ####.....#
#.....(..# #.@?..#
.......... #..5..#
.......... ∆
...........
..........
###.........
.......### #.........
#....#..# ...[......
###...#.. ..........
###.#.### ..#......!.
........


You could see a white imp.

Vanquished Creatures
  A black bear (D:4)
  An ogre (D:5)
  A phantom (D:4)
  A scorpion (D:4)
  A hound (D:5)
  2 orc priests
  An iguana (D:4)
  3 orc wizards
  6 adders
  An ufetubus (D:5)
  A worm (D:2)
  2 dart slugs
  11 orcs
  4 bats
  7 endoplasms
  A giant cockroach (D:3)
  7 goblins
  6 hobgoblins
  5 quokkas
  7 ball pythons
  5 frilled lizards
  5 kobolds
  3 rats
82 creatures vanquished.

Notes
Turn   | Place    | Note
-------+----------+-------------------------------------------
     0 | D:1      | gruber the Gnoll Ice Elementalist began the quest for the
                  | Orb.
     0 | D:1      | Reached XP level 1. HP: 13/13 MP: 6/6
   126 | D:1      | Reached XP level 2. HP: 18/19 MP: 4/7
   459 | D:1      | Reached skill level 5 in Spellcasting
   459 | D:1      | Reached XP level 3. HP: 25/25 MP: 6/9
   463 | D:1      | Learned a level 3 spell: Frozen Ramparts
   467 | D:1      | Learned a level 3 spell: Ozocubu's Armour
   751 | D:1      | Found a faded altar of an unknown god.
  1232 | D:2      | Reached skill level 1 in Invocations
  1683 | D:2      | Reached skill level 1 in Fighting
  1683 | D:2      | Reached skill level 1 in Short Blades
  1683 | D:2      | Reached skill level 1 in Long Blades
  1683 | D:2      | Reached skill level 1 in Axes
  1683 | D:2      | Reached skill level 1 in Maces & Flails
  1683 | D:2      | Reached skill level 1 in Polearms
  1683 | D:2      | Reached skill level 1 in Staves
  1683 | D:2      | Reached skill level 1 in Ranged Weapons
  1683 | D:2      | Reached skill level 1 in Throwing
  1683 | D:2      | Reached skill level 1 in Armour
  1683 | D:2      | Reached skill level 1 in Shields
  1683 | D:2      | Reached skill level 1 in Unarmed Combat
  1683 | D:2      | Reached skill level 1 in Evocations
  1901 | D:2      | Reached XP level 4. HP: 27/32 MP: 8/11
  1906 | D:2      | Learned a level 4 spell: Summon Ice Beast
  2685 | D:3      | Reached skill level 1 in Conjurations
  2685 | D:3      | Reached skill level 1 in Hexes
  2685 | D:3      | Reached skill level 1 in Summonings
  2685 | D:3      | Reached skill level 1 in Necromancy
  2685 | D:3      | Reached skill level 1 in Translocations
  2685 | D:3      | Reached skill level 1 in Transmutations
  2685 | D:3      | Reached skill level 1 in Fire Magic
  2685 | D:3      | Reached skill level 1 in Air Magic
  2685 | D:3      | Reached skill level 1 in Earth Magic
  2685 | D:3      | Reached skill level 1 in Poison Magic
  2701 | D:3      | Reached XP level 5. HP: 5/37 MP: 2/12
  3304 | D:4      | Reached XP level 6. HP: 37/44 MP: 8/13
  3444 | D:4      | Reached skill level 5 in Dodging
  3536 | D:4      | Noticed a black bear
  3542 | D:4      | Killed a black bear
  3612 | D:4      | Reached XP level 7. HP: 50/50 MP: 15/15
  3856 | D:5      | Entered Level 5 of the Dungeon
  3920 | D:5      | Reached skill level 5 in Stealth
  3939 | D:5      | Killed from afar by a white imp

Illustrated notes

Levels and vault maps discovered:
D:1:      psy_arrival_wood_between_worlds, layout_basic,
          shapermc_ecumenical_altar_mp_highgroup, fountainhead,
          serial_bayou_pond_b
D:2:      layout_basic
D:3:      layout_loops_ring
D:4:      layout_rooms
D:5:      layout_rooms, jmf_multi_god_temple2, temple_pool_b, uniq_eustachio

Skill      XL: |  1  2  3  4  5  6  7 |
---------------+----------------------+-----
Spellcasting   | 5 |  5.7
Invocations    | 1 2 3 |  3.0
Fighting       | 1 2 |  2.6
Short Blades   | 1 2 |  2.6
Long Blades    | 1 2 |  2.6
Axes           | 1 2 |  2.6
Maces & Flails | 1 2 |  2.6
Polearms       | 1 2 |  2.6
Staves         | 1 2 |  2.6
Ranged Weapons | 1 2 |  2.6
Throwing       | 1 2 |  2.6
Armour         | 1 2 |  2.6
Shields        | 1 2 |  2.6
Unarmed Combat | 1 2 |  2.6
Evocations     | 1 2 |  2.6
Conjurations   | 1 2 |  2.1
Hexes          | 1 2 |  2.1
Summonings     | 1 2 |  2.1
Necromancy     | 1 2 |  2.1
Translocations | 1 2 |  2.1
Transmutations | 1 2 |  2.1
Fire Magic     | 1 2 |  2.1
Air Magic      | 1 2 |  2.1
Earth Magic    | 1 2 |  2.1
Poison Magic   | 1 2 |  2.1
Dodging        | 5 |  5.3
Stealth        | 5 |  5.0
Ice Magic      | |  7.4

Action                   |  1- 3 |  4- 6 |  7- 9 || total
-------------------------+-------+-------+-------++-------
Melee: Unarmed           |     6 |       |       ||     6
       Whip              |     4 |       |       ||     4
       Bite              |     4 |     2 |     2 ||     8
       Dagger            |    41 |    11 |       ||    52
       Short sword       |       |    13 |    16 ||    29
       Punch             |       |       |     1 ||     1
 Cast: Freeze            |    45 |    25 |     7 ||    77
       Frozen Ramparts   |       |     5 |     3 ||     8
       Ozocubu's Armour  |       |     2 |     1 ||     3
 Stab: Sleeping          |     4 |     3 |     3 ||    10
Armor: Robe              |    11 |     5 |     4 ||    20
Dodge: Dodged            |    40 |    35 |    15 ||    90

Table legend: (Time is in decaauts)
 A = Elapsed time spent in this place.
 B = Non-inter-level travel time spent in this place.
 C = Inter-level travel time spent in this place.
 D = Time resting spent in this place.
 E = Time spent auto-exploring this place.
 F = Levels seen in this place.
 G = Mean time per level.
                   A        B        C        D        E       F      G
               +--------+--------+--------+--------+--------+-----+--------+
         Total |   3923 |   3789 |    134 |      0 |   3262 |   5 |  784.6 |
       Dungeon |   3923 |   3789 |    134 |      0 |   3262 |   5 |  784.6 |
               +--------+--------+--------+--------+--------+-----+--------+

Top non-repeatable levels by time:
     D:2: 1245 daAuts
     D:1: 1184 daAuts
     D:3: 786 daAuts
     D:4: 625 daAuts
     D:5: 81 daAuts
